 Dungeon Crawl Stone Soup version 0.32-a0-30-gefbe487952 (webtiles) character file.

Game seed: 4915762435711968762

130 Nick1 the Purveyor of Pain (level 4, -3/32 HPs)
             Began as a Demonspawn Necromancer on Jan 20, 2024.
             Was an Initiate of Kikubaaqudgha.
             Slain by Sigmund
             ... wielding a +0 scythe of holy wrath
              (5 damage)
             ... on level 4 of the Dungeon.
             The game lasted 00:27:09 (2866 turns).

Nick1 the Purveyor of Pain (Demonspawn Necromancer) Turns: 2866, Time: 00:27:09

Health: -3/32      AC:  4    Str:  8    XL:     4   Next: 90%
Magic:  4/8        EV: 12    Int: 17    God:    Kikubaaqudgha [......]
Gold:   223        SH:  0    Dex: 14    Spells: 1/9 levels left

rFire   . . .        i - +2 dagger (speed)
rCold   . . .        (no shield)
rNeg    . . .        a - +1 robe
rPois   .            (no helmet)
rElec   .            (no cloak)
rCorr   .            (no gloves)
SInv    .            j - +0 pair of boots
Will    .....        (no amulet)
Stlth   ++           (no ring)
HPRegen 0.25/turn    (no ring)
MPRegen 0.11/turn

%: no passive effects
@: mighty, animating dead
A: demonic guardian 1, powered by pain 2
a: Renounce Religion


You were on level 4 of the Dungeon.
You worshipped Kikubaaqudgha.
Kikubaaqudgha was noncommittal.
You visited 2 branches of the dungeon, and saw 5 of its levels.

You collected 223 gold pieces.

Inventory:

Hand Weapons
 i - a +2 dagger of speed (weapon)
Missiles
 k - 2 throwing nets
Armour
 a - a +1 robe (worn)
 j - a +0 pair of boots (worn)
Wands
 o - a wand of flame (18)
Scrolls
 c - a scroll of enchant armour
 d - a scroll of revelation {unknown}
 l - 3 scrolls of identify {unknown}
 q - a scroll of fear {unknown}
Potions
 b - a potion of magic
 e - 2 potions of enlightenment {unknown}
 f - a potion of attraction {unknown}
 g - 2 potions of heal wounds {unknown}
 h - a potion of curing {unknown}
 m - a potion of might {unknown}
 n - a potion of degeneration {unknown}
 p - a potion of mutation {unknown}


   Skills:
 * Level 1.2 Fighting
 + Level 0.4 Short Blades
 * Level 2.0 Dodging
 * Level 2.5 Stealth
 * Level 3.0 Spellcasting
 * Level 5.3 Necromancy


You had one spell level left.
You knew the following spells:

 Your Spells              Type           Power      Damage    Failure   Level
a - Necrotise             Necr           80%        1d8       1%          1
b - Vampiric Draining     Necr           20%        2d7       6%          3
c - Animate Dead          Necr           20%        N/A       19%         4

Your spell library contained the following spells:

 Spells                   Type           Power      Damage    Failure   Level
 Magic Dart               Conj           8%         1d3       17%         1
 Searing Ray              Conj           4%         2d4       26%         2
 Summon Ice Beast         Ice/Summ       2%         N/A       45%         3
 Curse of Agony           Necr           20%        N/A       47%         5
 Fulminant Prism          Conj/Alch      1%         3d5       86%         4
 Summon Mana Viper        Hex/Summ       2%         N/A       99%         5
 Monstrous Menagerie      Summ           1%         N/A       100%        7


Dungeon Overview and Level Annotations

Branches:
Dungeon (4/15)             Temple (1/1) D:4

Altars:
Cheibriados
Dithmenos
Fedhas
Gozag
Kikubaaqudgha
Makhleb
Nemelex Xobeh
Qazlal
Ru
Trog
Uskayaw
Yredelemnul

Shops:
D:3 :

Annotations:
D:4 Sigmund


Innate Abilities, Weirdness & Mutations

A weak demonic guardian rushes to your aid.
You sometimes gain power by taking damage.


Message History

You swap places.
Sigmund points at you and mumbles some strange words.
The magic dart hits your kobold zombie!
Your kobold zombie is destroyed!
Your quasit bites Sigmund but does no damage.
Your quasit claws Sigmund but does no damage. x2
Sigmund closely misses your quasit.
Your quasit bites Sigmund.
Your quasit closely misses Sigmund.
Your quasit claws Sigmund but does no damage.
Your quasit bites Sigmund but does no damage.
Your quasit misses Sigmund.
Your quasit claws Sigmund but does no damage.
Your quasit barely misses Sigmund.
Your quasit closely misses Sigmund.
Your quasit barely misses Sigmund.
Sigmund points at you and mumbles some strange words.
You resist with some effort.
Your dart slug zombie bites Sigmund but does no damage.
The adder hisses angrily.
Your quasit closely misses Sigmund.
Your quasit claws Sigmund.
Your quasit barely misses Sigmund.
Sigmund says, "Now you see me, now you don't..."
Casting: Animate Dead (extremely dangerous; 19% risk of failure)
Confirm with . or Enter, or press ? or * to list all spells.
You dismiss your zombies and call upon the dead to rise afresh.
Your dart slug zombie crumbles into dust!
Your quasit barely misses Sigmund. x2; Your quasit closely misses Sigmund.
The adder bites you but does no damage.
You closely miss the adder. You closely miss the adder.
The adder barely misses you.
You puncture the adder!
The adder is heavily wounded.
The adder misses you.
Your quasit bites Sigmund.
Your quasit closely misses Sigmund.
Your quasit barely misses Sigmund.
Sigmund smiles chillingly.
Sigmund hits you from afar with a +0 scythe of holy wrath!
* * * LOW HITPOINT WARNING * * *
A demonic guardian appears!
You convulse.
You die...
Sigmund begins carving another notch in his scythe.
Kikubaaqudgha rasps: "You have failed me!
Welcome... death!"

#####..... #.###. #.##..
#..... # ####.. #########
.#### #.. #.......##....
#..
#.......#S.####+#######..
#.....@.@# +.......'...P.
#<...55.## #.♣...♣.#..##.
#$.......###.♣._.♣.#..#..
#.......#.##.♣...♣.#..).>
#.......##.'.......'.P#..
###############'#####.##.
#.##.##.#P. #Z...##....
#####.##.#.)


You could see Sigmund (ally target), an adder, a friendly quasit (summoned) and
a friendly white imp (summoned).

Vanquished Creatures
  Jessica (D:3)
  An adder (D:4)
  2 ribbon worms
  3 dart slugs
  An orc (D:4)
  6 ball pythons
  6 bats
  4 endoplasms
  2 giant cockroaches
  4 goblins
  8 hobgoblins
  3 jackals (D:1)
  2 quokkas (D:1)
  3 frilled lizards (D:1)
  5 kobolds
  9 rats
60 creatures vanquished.

Vanquished Creatures (collateral kills)
  An adder (D:2)
  2 ribbon worms (D:2)
  2 endoplasms
  A giant cockroach (D:4)
  A hobgoblin (D:4)
  A quokka (D:1)
  A rat (D:2)
9 creatures vanquished.

Vanquished Creatures (others)
  A hobgoblin zombie (D:3)
  2 kobold zombies (D:4)
3 creatures vanquished.

Grand Total: 72 creatures vanquished

Notes
Turn   | Place    | Note
-------+----------+-------------------------------------------
     0 | D:1      | Nick1 the Demonspawn Necromancer began the quest for the
                  | Orb.
     0 | D:1      | Reached XP level 1. HP: 13/13 MP: 3/3
   363 | D:1      | Gained mutation: You sometimes gain a little power by
                  | taking damage. [demonic ancestry]
   363 | D:1      | Reached XP level 2. HP: 19/19 MP: 1/5
   765 | D:1      | Reached skill level 5 in Necromancy
  1103 | D:2      | Gained mutation: A weak demonic guardian rushes to your
                  | aid. [demonic ancestry]
  1103 | D:2      | Reached XP level 3. HP: 24/24 MP: 4/6
  1113 | D:2      | Learned a level 3 spell: Vampiric Draining
  1743 | D:3      | Found a sparkling altar of Nemelex Xobeh.
  1772 | D:3      | Found a hide-covered altar of Uskayaw.
  1953 | D:3      | Noticed Jessica
  1957 | D:3      | Killed Jessica
  1958 | D:3      | Reached skill level 1 in Fighting
  1958 | D:3      | Gained mutation: You sometimes gain power by taking damage.
                  | [demonic ancestry]
  1958 | D:3      | Reached XP level 4. HP: 32/32 MP: 8/8
  1967 | D:3      | Learned a level 4 spell: Animate Dead
  1985 | D:3      | Found an opulent altar of Gozag.
  2160 | D:3      | Found Kywuet's Book Shoppe.
  2507 | D:4      | Found a staircase to the Ecumenical Temple.
  2521 | Temple   | Entered the Ecumenical Temple
  2532 | Temple   | Became a worshipper of Kikubaaqudgha
  2834 | D:4      | Found a blossoming altar of Fedhas.
  2851 | D:4      | Noticed Sigmund
  2866 | D:4      | Slain by Sigmund

Illustrated notes

Levels and vault maps discovered:
D:1:      minmay_arrival_glassed_features, layout_loops_corners,
          serial_co_window_serial, co_window_paths_b,
          co_window_of_opportunity_a, co_window_paths_b, co_window_paths_b,
          co_window_corner_a, co_window_2corner, co_window_broadway_a,
          co_window_corner_b, co_window_of_opportunity_c, co_window_paths_d,
          glass_columns_a, glass_columns_c, glass_columns_a
D:2:      layout_basic
D:3:      layout_loops_ring, grunt_gozag_breadcrumbs,
          mainiacjoe_overflow_two_lobes, serial_shops,
          nicolae_shop_tiny_real_fake_doors, uniq_jessica
D:4:      layout_loops_cross, mainiacjoe_overflow_six_doors_small,
          minmay_temple_entry_gardened_gates, st_stairs_12, uniq_sigmund
Temple:   hellmonk_temple_forest_ring

Skill      XL: |  1  2  3  4 |
---------------+-------------+-----
Necromancy     | 5 |  5.3
Stealth        | 2 |  2.5
Fighting       | 1 |  1.2
Dodging        | 2 |  2.0
Spellcasting   | 3 |  3.0
Short Blades   | |  0.4

Action                     |  1- 3 |  4- 6 || total
---------------------------+-------+-------++-------
  Melee: Unarmed           |     9 |       ||     9
         Dagger            |   101 |    68 ||   169
         Punch             |     2 |       ||     2
   Cast: Necrotise         |    47 |       ||    47
         Vampiric Draining |     1 |       ||     1
         Animate Dead      |       |     5 ||     5
    Use: Scroll            |     1 |       ||     1
   Stab: Distracted        |     2 |       ||     2
         Sleeping          |     8 |     5 ||    13
 Armour: Robe              |    46 |    28 ||    74
  Dodge: Dodged            |    73 |    27 ||   100

Table legend: (Time is in decaauts)
 A = Elapsed time spent in this place.
 B = Non-inter-level travel time spent in this place.
 C = Inter-level travel time spent in this place.
 D = Time resting spent in this place.
 E = Time spent auto-exploring this place.
 F = Levels seen in this place.
 G = Mean time per level.
                   A        B        C        D        E       F      G
               +--------+--------+--------+--------+--------+-----+--------+
         Total |   2836 |   2752 |     84 |      0 |   1542 |   5 |  567.2 |
       Dungeon |   2813 |   2739 |     74 |      0 |   1542 |   4 |  703.2 |
        Temple |     22 |     12 |     10 |      0 |      0 |   1 |   22.0 |
               +--------+--------+--------+--------+--------+-----+--------+

Top non-repeatable levels by time:
     D:1: 960 daAuts
     D:3: 798 daAuts
     D:2: 651 daAuts
     D:4: 403 daAuts
  Temple: 22 daAuts
